 Dungeon Crawl Stone Soup version 0.30-a0-989-g0d87f670db (webtiles) character file.

Game seed: 13362674968193368686

1429114 cforsyth the Conqueror (level 27, 263/273 HPs)
             Began as a Formicid Fighter on Apr 3, 2023.
             Was the Champion of Ru.
             Escaped with the Orb
             ... and 3 runes on Apr 4, 2023!
             The game lasted 02:48:50 (109797 turns).

cforsyth the Conqueror (Formicid Fighter)         Turns: 109797, Time: 02:48:51

Health: 263/273    AC: 50    Str: 34    XL:     27
Magic:  37/37      EV:  9    Int:  9    God:    Ru [******]
Gold:   3879       SH: 20    Dex: 13    Spells: 56/56 levels left

rFire   + + +      SeeInvis +    G - +9 great mace (flame)
rCold   + + +      Faith    .    J - +2 shield of Resistance {rF++ rC++ Will++}
rNeg    + + +      Spirit   .    O - +12 gold dragon scales
rPois   +          Reflect  .    (helmet unavailable)
rElec   +          Rampage  ∞    c - +2 cloak of Uskayaw's Envy {rElec rN++ Stlth-}
rCorr   .          Clarity  +    p - +0 pair of gloves of Fauseony {-Tele Slay+5}
Will    +++..                    W - +3 pair of seven-league boots {Rampage+∞} Stlth
                                 q - amulet of Spite {Fragile rElec rPois rF+ Regen+}
HPRegen 1.45/turn                B - +4 ring of slaying
MPRegen 0.25/turn                C - ring "Asopsast" {rPois rF+ rN+ SInv}

@: mighty, studying Translocations
A: permanent stasis, dig shafts and tunnels, antennae 3, no stealth, inability
to use devices, hated by all, inability to train dodging, no conjurations magic,
no hexes magic, no poison magic, weak-willed 1, four strong arms, claws 1,
clarity, low MP 1, robust 1
0: Orb of Zot
}: 3/15 runes: serpentine, barnacled, silver
a: Dig, Shaft Self, Renounce Religion, Draw Out Power, Power Leap, Apocalypse


You escaped.
You worshipped Ru.
Ru was exalted by your worship.
You visited 12 branches of the dungeon, and saw 52 of its levels.
You visited 1 bazaar.
You visited 1 ziggurat, and saw 10 of its levels.
You also visited: Trove, Sewer, Ossuary and Ice Cave.

You collected 11206 gold pieces.
You spent 7327 gold pieces at shops.

Inventory:

Hand Weapons
 j - the +6 arbalest of Governance {freeze, +Blink rN+ rCorr}
   (You found it on level 1 of the Snake Pit)

   rN:        It protects you from negative energy.
   +Blink:    It lets you blink.
   rCorr:     It protects you from acid and corrosion.
 G - a +9 great mace of flaming (weapon)
Armour
 c - the +2 cloak of Uskayaw's Envy (worn) {rElec rN++ Stlth-}
   (You found it on level 5 of a ziggurat)

   rElec:     It insulates you from electricity.
   rN:        It greatly protects you from negative energy.
   Stlth:     It makes you less stealthy.
 k - a +2 pair of gloves of hurling
 p - the +0 pair of gloves of Fauseony (worn) {-Tele Slay+5}
   (You bought it in a shop on level 5 of the Vaults)

   Slay:      It affects your accuracy & damage with ranged weapons and melee
   (+5).
   -Tele:     It prevents most forms of teleportation.
 J - the +2 shield of Resistance (worn) {rF++ rC++ Will++}
   (You bought it in a shop on level 2 of the Orcish Mines)

   rF:        It greatly protects you from fire.
   rC:        It greatly protects you from cold.
   Will:      It greatly increases your willpower.
 O - +12 gold dragon scales (worn)
 W - the +3 pair of seven-league boots (worn) {Rampage+∞}
   (You found it on level 3 of the Lair of Beasts)

   Rampage+∞: When moving toward enemies, its wearer moves as far as possible.
Jewellery
 a - the amulet "Urhuer" {rF+ rN+++ Regen+ Str-3 Dex-4}
   (You found it in a treasure trove)

   [amulet of regeneration]

   Str:       It affects your strength (-3).
   Dex:       It affects your dexterity (-4).
   rF:        It protects you from fire.
   rN:        It renders you almost immune to negative energy.
   Regen:     It increases your rate of health regeneration.
 o - the ring "Oqyixaxt" {rF+ rN+ rCorr Str+3 Int-4 Dex+6}
   (You took it off a deep elf high priest on level 3 of the Elven Halls)

   [ring of dexterity]

   Str:       It affects your strength (+3).
   Int:       It affects your intelligence (-4).
   Dex:       It affects your dexterity (+6).
   rF:        It protects you from fire.
   rN:        It protects you from negative energy.
   rCorr:     It protects you from acid and corrosion.
 q - the amulet of Spite (around neck) {Fragile rElec rPois rF+ Regen+}
   (You acquired it on level 2 of the Realm of Zot)

   [amulet of regeneration]

   rF:        It protects you from fire.
   rElec:     It insulates you from electricity.
   rPois:     It protects you from poison.
   Regen:     It increases your rate of health regeneration.
   Fragile:   It will be destroyed if unequipped.
 u - a ring of fire
 v - the ring of the Hare {EV+10}
   (You found it on level 8 of a ziggurat)

   [ring of evasion]

   EV:        It affects your evasion (+10).
 B - a +4 ring of slaying (left hand)
 C - the ring "Asopsast" (right hand) {rPois rF+ rN+ SInv}
   (You found it in a treasure trove)

   [ring of see invisible]

   rF:        It protects you from fire.
   rPois:     It protects you from poison.
   rN:        It protects you from negative energy.
   SInv:      It lets you see invisible.
 F - a ring of flight
 L - the ring "Ygyoled" {Ice rPois rN+ SInv}
   (You took it off Josephina on level 1 of the Crypt)

   [ring of ice]

   It enhances your ice magic.
   rF:        It makes you vulnerable to fire.
   rC:        It protects you from cold.
   rPois:     It protects you from poison.
   rN:        It protects you from negative energy.
   SInv:      It lets you see invisible.
 Q - the ring of the Last Invaders {rC+ Int+4}
   (You took it off a deep elf annihilator on level 3 of the Elven Halls)

   [ring of protection from cold]

   Int:       It affects your intelligence (+4).
   rC:        It protects you from cold.
 S - the ring "Gaosypp" {rF+ Str+6}
   (You took it off a guardian mummy on level 3 of the Crypt)

   [ring of strength]

   Str:       It affects your strength (+6).
   rF:        It protects you from fire.
 T - the ring of the Equinox {rC++ rCorr}
   (You found it in a treasure trove)

   [ring of resist corrosion]

   rC:        It greatly protects you from cold.
   rCorr:     It protects you from acid and corrosion.
 Y - the ring "Tobuh" {rN+ Dex-3 Slay+6}
   (You found it on level 3 of the Crypt)

   [ring of positive energy]

   Dex:       It affects your dexterity (-3).
   Slay:      It affects your accuracy & damage with ranged weapons and melee
   (+6).
   rN:        It protects you from negative energy.
 Z - the amulet "Gyipn" {rF+ rN+ Regen+ SInv}
   (You took it off a guardian mummy on level 3 of the Crypt)

   [amulet of regeneration]

   rF:        It protects you from fire.
   rN:        It protects you from negative energy.
   SInv:      It lets you see invisible.
   Regen:     It increases your rate of health regeneration.
Scrolls
 h - 12 scrolls of poison
 i - 9 scrolls of fear
 m - a scroll of enchant weapon
 t - 19 scrolls of immolation
 y - 9 scrolls of magic mapping
 z - a scroll of brand weapon
 D - 12 scrolls of vulnerability
 H - 9 scrolls of silence
 I - 8 scrolls of fog
 P - 8 scrolls of amnesia
 R - 8 scrolls of enchant armour
Potions
 b - 9 potions of mutation
 d - 2 potions of might
 e - 8 potions of cancellation
 f - 10 potions of heal wounds
 g - 15 potions of lignification
 l - 4 potions of magic
 n - 10 potions of invisibility
 r - 2 potions of resistance
 s - 11 potions of brilliance
 w - 7 potions of flight
 x - 18 potions of curing
 E - 8 potions of ambrosia
 M - 17 potions of attraction


   Skills:
 O Level 27 Fighting
 O Level 27 Maces & Flails
 + Level 15.0 Ranged Weapons
 O Level 27 Armour
 O Level 27 Shields
 + Level 15.0 Spellcasting


You had 56 spell levels left.
You didn't know any spells.
Your spell library contained the following spells:

 Spells                   Type           Power      Damage    Failure   Level
 Necrotise                Necr           24%        1d5       36%         1
 Sandblast                Erth           12%        2d6       36%         1
 Lesser Beckoning         Tloc           12%        N/A       50%         2
 Passwall                 Tmut/Erth      5%         N/A       50%         2
 Scorch                   Fire           12%        2d6       50%         2
 Sublimation of Blood     Necr           6%         N/A       50%         2
 Frozen Ramparts          Ice            12%        1d2       75%         3
 Kindle Blastsparks       Fire/Tloc/Air  12%        2d11      75%         3
 Ozocubu's Armour         Ice            6%         N/A       75%         3
 Vampiric Draining        Necr           6%         2d6       75%         3
 Vhi's Electric Charge    Tloc/Air       12%        N/A       75%         3
 Ice Form                 Ice/Tmut       6%         N/A       98%         4
 Passage of Golubria      Tloc           6%         N/A       98%         4
 Petrify                  Tmut/Erth      6%         N/A       98%         4
 Agony                    Necr           6%         N/A       100%        5
 Blade Hands              Tmut           3%         N/A       100%        5
 Borgnjor's Vile Clutch   Necr/Erth      3%         N/A       100%        5
 Lee's Rapid Deconstruct  Erth           3%         3d5*      100%        5
 Plasma Beam              Fire/Air       3%         2x1d9     100%        5
 Statue Form              Tmut/Erth      4%         N/A       100%        6
 Dragon Form              Tmut           3%         N/A       100%        7
 Ignition                 Fire           3%         3d4       100%        8
 Death's Door             Necr           3%         N/A       100%        9
 Blink                    Tloc           Unusable   N/A       N/A         2
 Cigotuvi's Dreadful Rot  Necr/Pois/Air  Unusable   N/A       N/A         2
 Momentum Strike          Conj/Tloc      Unusable   3d8       N/A         2
 Poisonous Vapours        Pois/Air       Unusable   N/A       N/A         2
 Static Discharge         Conj/Air       Unusable   2-3/arc   N/A         2
 Ignite Poison            Fire/Tmut/Pois Unusable   N/A       N/A         3
 Inner Flame              Hex/Fire       Unusable   N/A       N/A         3
 Mephitic Cloud           Conj/Pois/Air  Unusable   N/A       N/A         3
 Portal Projectile        Hex/Tloc       Unusable   N/A       N/A         3
 Stone Arrow              Conj/Erth      Unusable   3d7       N/A         3
 Summon Guardian Golem    Hex/Summ       Unusable   N/A       N/A         3
 Tukima's Dance           Hex            Unusable   N/A       N/A         3
 Animate Armour           Summ/Erth      Unusable   N/A       N/A         4
 Animate Dead             Necr           Unusable   N/A       N/A         4
 Cause Fear               Hex            Unusable   N/A       N/A         4
 Flame Wave               Conj/Fire      Unusable   2d5       N/A         4
 Fulminant Prism          Conj/Hex       Unusable   3d5       N/A         4
 Iskenderun's Mystic Bla  Conj/Tloc      Unusable   2d4       N/A         4
 Sticky Flame             Conj/Fire      Unusable   2d3       N/A         4
 Summon Ice Beast         Ice/Summ       Unusable   N/A       N/A         4
 Arcjolt                  Conj/Air       Unusable   1d13      N/A         5
 Irradiate                Conj/Tmut      Unusable   3d12      N/A         5
 Metabolic Englaciation   Hex/Ice        Unusable   N/A       N/A         5
 Silence                  Hex/Air        Unusable   N/A       N/A         5
 Eringya's Noxious Bog    Tmut/Pois      Unusable   N/A       N/A         6
 Simulacrum               Ice/Necr       Unusable   N/A       N/A         6
 Summon Cactus Giant      Summ           Unusable   N/A       N/A         6
 Enfeeble                 Hex            Unusable   N/A       N/A         7
 Orb of Destruction       Conj           Unusable   9d5       N/A         7
 Spellforged Servitor     Conj/Summ      Unusable   N/A       N/A         7
 Lehudib's Crystal Spear  Conj/Erth      Unusable   10d2      N/A         8
 Dragon's Call            Summ           Unusable   N/A       N/A         9

Dungeon Overview and Level Annotations

Branches:
Dungeon (15/15)            Temple (1/1) D:7            Lair (5/5) D:11
 Shoals (4/4) Lair:3        Snake (4/4) Lair:3        Slime (0/5) Lair:4
    Orc (2/2) D:10            Elf (3/3) Orc:2        Vaults (5/5) D:13
  Crypt (3/3) Vaults:3       Tomb (0/3) Crypt:3      Depths (4/4) D:15
   Hell (visited)             Dis (0/7) Hell            Geh (0/7) Hell
    Coc (0/7) Hell            Tar (0/7) Hell            Zot (5/5) Depths:4
  Sewer (visited)         Ossuary (visited)           IceCv (visited)

Altars:
Ashenzari
Cheibriados
Dithmenos
Elyvilon
Gozag
Kikubaaqudgha
Makhleb
Nemelex Xobeh
Okawaru
Qazlal
Ru
Sif Muna
Trog
Uskayaw
Vehumet
Wu Jian
Xom
Zin
The Shining One
Lugonu

Shops:
D:3 =([[?   D:4 *   D:5 [   D:12 :   Orc:2 [:(*   Elf:2 =?   Snake:1 *[
Snake:2 ?:   Vaults:3 *   Vaults:4 :[   Vaults:5 ?!!:[!(!!   Depths:2 (:=:*
Depths:3 **

Portals:
Hell: Depths:1 Depths:2 Depths:3 Depths:4
Abyss: Orc:1 Depths:1 Depths:3
Pandemonium: Depths:1 Depths:2 Depths:4

Annotations:
Crypt:3 3 runed translucent doors, Zievuyg's ghost, adept MiFi


Innate Abilities, Weirdness & Mutations

You cannot be hasted, slowed, berserked, paralysed or teleported.
You can dig through walls and to a lower floor.
You have a pair of large antennae on your head. (SInv)
You cannot be stealthy.
You cannot study or use magical devices.
You are hated by all.
You cannot train Dodging skill.
You cannot study or cast Conjurations magic.
You cannot study or cast Hexes magic.
You cannot study or cast Poison magic.
You are slightly weak-willed. (Will-)
Your four strong arms can wield two-handed weapons with a shield.
You have sharp fingernails.
You possess an exceptional clarity of mind.
Your magical capacity is low. (-10% MP)
You are robust. (+10% HP)


Message History

Sidd bites you.
You sock Sidd! You burn Sidd.
Sidd is moderately wounded.
Sidd bites you but does no damage.
You feel very mighty all of a sudden.
You hit Sidd but do no damage.
Sidd is moderately wounded.
Sidd bites you but does no damage. You resist with almost no effort.
You completely miss Sidd.
Sidd is moderately wounded.
Sidd bites you.
You bludgeon Sidd!! You burn Sidd!
Sidd is heavily wounded.
You block Sidd's attack. x2
You closely miss Sidd.
Sidd is heavily wounded.
Sidd bites you but does no damage.
You thump Sidd! You burn Sidd.
Sidd is heavily wounded.
You block Sidd's attack.
You bludgeon Sidd!! You burn Sidd!
Sidd is severely wounded.
You block Sidd's attack.
You bludgeon Sidd!! You burn Sidd.
Sidd is severely wounded.
Sidd bites you!
You bludgeon Sidd!! You burn Sidd!
Sidd is almost dead.
Sidd closely misses you.
You hammer Sidd like a gong!!! You burn Sidd!
You kill Sidd!
Your Ranged Weapons skill increases to level 15!
Your Spellcasting skill increases to level 15!
No target in view!
No target in view!
No target in view!
No target in view!
No target in view!
No target in view!
You have escaped!

.##÷....# #.# #.# ........#
#.# #.# #####..#### #.# #.#
...#8..#..#####.#####.####
...######.#..............##
#..#...##..#######.{......##
#......##..#.....#.........#
#..##'###..'.....#........>#
#..#...##..#..8.@#.........#
#..#8.8###.+.....#.........#
#.######..##.....#.........#
...†......###+#'##........##
.........................##
######....################
..........# #######...#
#...#


There were no monsters in sight!

Vanquished Creatures
  6 orbs of fire
  2 dread liches (Zot:5)
  A juggernaut (Zig:5)
  2 ancient liches
  2 royal mummies
  Josephina (Crypt:1)
  Vv (Crypt:2)
  Parghit (Depths:4)
  Boris (Crypt:3)
  3 pandemonium lords
  7 Killer Klowns (Zot:5)
  Vashnia (Snake:4)
  A shard shrike (IceCv)
  Margery (Vaults:4)
  Geryon (Hell)
  A curse toe (Zot:1)
  Saint Roka (Orc:1)
  Jory (Vaults:4)
  13 golden dragons
  3 bone dragons
  Nikola (Elf:3)
  A pearl dragon (Zig:6)
  5 electric golems
  A doom hound (Crypt:1)
  2 Tzitzimimeh (Crypt:1)
  18 tentacled monstrosities
  A Hell Sentinel (D:7)
  5 liches
  5 titans
  25 Orb Guardians
  Zenata (Elf:3)
  A shard shrike skeleton (Crypt:2)
  2 deep elf master archers
  2 walking crystal tomes
  A deep elf blademaster (Elf:2)
  5 acid blobs (Lair:4)
  7 quicksilver dragons
  10 sphinxes
  5 ancient champions
  Frances (Orc:2)
  An eldritch tentacle (Zot:5)
  Polyphemus (Shoals:3)
  5 tengu reavers
  The ghost of Pileu the Eclecticist, an adept DsFE of Sif Muna (Vaults:2)
  7 death cobs
  18 storm dragons
  An Executioner (Zot:5)
  Kirke (Shoals:4)
  Donald (Elf:2)
  3 revenants
  10 shadow dragons
  A daeva (Zig:6)
  Roxanne (Shoals:4)
  4 draconian monks
  5 azure jellies (Lair:4)
  A fenstrider witch (Zig:8)
  8 fire giants
  4 nagarajas
  A rockslime (Lair:4)
  Ilsuiw (Shoals:3)
  5 draconian knights
  5 deep elf sorcerers
  8 draconian scorchers
  12 frost giants
  3 spectral caustic shrikes (Depths:3)
  2 ghost moths
  Aizul (Lair:3)
  An iron dragon (Vaults:4)
  A caustic shrike zombie (Crypt:3)
  6 orc warlords
  An angel (Zig:6)
  3 curse skulls
  19 vault wardens
  2 draconian stormcallers
  2 balrugs (Hell)
  3 deep elf elementalists (Elf:3)
  The ghost of cforsyth the Bludgeoner, a journeyman FoFi of Ru (Orc:1)
  5 draconian shifters
  9 ghouls
  22 ironbound preservers
  A spriggan defender (Depths:3)
  6 reapers
  6 draconian annihilators
  A juggernaut skeleton (Crypt:3)
  A cacodemon (Depths:1)
  A war gargoyle (Vaults:4)
  11 green draconians
  15 very ugly things
  Nessos (D:15)
  12 vampire knights
  2 apis (Zig:6)
  13 black draconians
  8 ironbound thunderhulks
  2 putrid mouths (Crypt:1)
  14 stone giants
  9 white draconians
  16 purple draconians
  The ghost of GloriousHammer the Grappler, a journeyman TrFi of Wu Jian (Lair:2)
  6 deep elf demonologists
  An eleionoma (Zig:8)
  A bunyip (Zig:4)
  9 deep elf annihilators
  9 spark wasps
  Azrael (Orc:2)
  17 yellow draconians
  2 spectral hellephants (Crypt:1)
  12 dire elephants
  12 red draconians
  The ghost of grumposus the Martial Artist, a journeyman OpTm of Wu Jian (Lair:4)
  8 deep elf death magi
  2 eidola (Crypt:2)
  16 merfolk impalers
  A green death (D:15)
  2 blizzard demons (Depths:1)
  An iron golem (Hell)
  8 ettins
  6 mummy priests
  15 jiangshi
  5 crystal guardians
  4 merfolk javelineers
  4 fire dragons
  2 spectral elves (Crypt:1)
  10 deep elf high priests
  2 spriggan zombies
  A great orb of eyes (Vaults:1)
  Harold (Lair:2)
  A fenstrider witch zombie (Crypt:1)
  6 rakshasas
  6 merfolk avatars
  4 salamander tyrants
  12 yaktaur captains
  A caustic shrike simulacrum (Crypt:1)
  4 spriggan air magi
  38 vault guards
  6 ogre magi
  9 hydras
  8 ice dragons
  A ghost crab (Zig:4)
  The ghost of Zedil the Slicer, a journeyman VSBr of Ru (D:13)
  3 peacekeepers (Vaults:4)
  8 anacondas
  A catoblepas (Shoals:3)
  2 death knights
  6 merfolk aquamancers
  A spriggan skeleton (Crypt:1)
  A bennu zombie (Crypt:1)
  3 centaur warriors
  29 dancing weapons
  10 ironbound frosthearts
  2 alligator snapping turtles (Shoals:1)
  A death scarab (Zig:10)
  13 naga warriors
  An alligator (Zig:4)
  9 two-headed ogres
  8 boulder beetles
  10 tengu warriors
  2 titan zombies
  10 death yaks
  12 deep troll shamans
  7 satyrs
  6 vampire magi
  11 deep troll earth magi
  A death yak (shapeshifter) (Vaults:5)
  An orc high priest (Orc:2)
  12 spriggan berserkers
  8 shock serpents
  13 hell knights
  12 naga sharpshooters
  8 sun demons
  5 skysharks
  Nergalle (Orc:2)
  9 soul eaters
  A titan skeleton (Crypt:1)
  3 crystal echidnas (Depths:1)
  20 deep elf knights
  A wretched star (Zig:2)
  Lodul (D:12)
  32 skeletal warriors
  12 sea snakes
  2 shadow wraiths (Vaults:4)
  51 deep trolls
  A sixfirhy (Depths:1)
  12 iron trolls
  10 bog bodies
  2 spriggan druids
  3 cherubim
  2 goliath frogs (Zig:8)
  3 glowing orange brains
  7 naga ritualists
  4 salamander mystics
  3 orange crystal statues
  An obsidian statue (Zot:5)
  2 flayed ghosts
  7 wizards
  A spriggan simulacrum (Crypt:1)
  2 swamp dragons (Zig:8)
  16 deep elf archers
  15 ironbound convokers
  2 fire giant zombies (Hell)
  16 harpies
  36 deep elf zephyrmancers
  A frost giant zombie (Hell)
  13 orc knights
  7 phantasmal warriors
  21 mana vipers
  An iron dragon zombie (Hell)
  36 deep elf pyromancers
  13 necromancers
  A tengu zombie (Hell)
  14 lindwurms
  A tengu skeleton (Vaults:3)
  64 ugly things
  3 orc sorcerers
  A stone giant zombie (Crypt:3)
  A wolf spider (Zig:1)
  19 fauns
  A will-o-the-wisp (Zig:8)
  8 cyclopes
  14 manticores
  A manticore (shapeshifter) (Vaults:1)
  15 salamanders
  35 black mambas
  34 moths of wrath
  A frost giant skeleton (Vaults:3)
  11 elephants
  An ice statue (Shoals:2)
  A shock serpent zombie (Crypt:3)
  9 guardian serpents
  An iron dragon skeleton (Crypt:2)
  A black mamba (shapeshifter) (Vaults:5)
  6 water nymphs
  2 draconian skeletons (Crypt:1)
  11 merfolk sirens
  2 stone giant skeletons (Vaults:3)
  17 vault sentinels
  3 molten gargoyles
  13 cane toads
  A gargoyle (D:10)
  2 torpor snails
  2 orange demons
  19 naga magi
  An orc skeleton (Crypt:1)
  A dire elephant skeleton (Crypt:1)
  4 elf skeletons (Vaults:3)
  4 smoke demons (Hell)
  A green draconian zombie (Crypt:1)
  2 kobold demonologists
  3 centaur skeletons
  An eye of devastation (Lair:4)
  4 unseen horrors
  10 komodo dragons
  41 yaktaurs
  A bunyip simulacrum (Crypt:1)
  2 efreet
  2 naga skeletons (Crypt:1)
  A yellow draconian skeleton (Crypt:3)
  A steelbarb worm zombie (Crypt:2)
  An ice devil (Depths:1)
  An anaconda simulacrum (Crypt:1)
  6 freezing wraiths
  34 guardian mummies
  13 rime drakes
  A minotaur skeleton (Crypt:3)
  A yaktaur skeleton (Vaults:3)
  3 tengu conjurers
  An ancient zyme (Zig:2)
  A harpy zombie (Hell)
  39 merfolk
  A catoblepas skeleton (Crypt:1)
  10 trolls
  13 hornets
  Grinder (Sewer)
  A tengu simulacrum (Vaults:4)
  8 wind drakes
  27 polar bears
  2 harpy skeletons
  20 dream sheep
  3 ettin zombies
  10 snapping turtles
  19 blink frogs
  2 jumping spiders (Vaults:2)
  35 slime creatures
  A raiju (Zig:2)
  A culicivora (shapeshifter) (Vaults:4)
  A centaur simulacrum (Hell)
  6 air elementals
  A flying skull (Zig:10)
  3 shadows
  17 spriggans
  19 water elementals
  An ice dragon skeleton (Crypt:3)
  An ettin skeleton (Vaults:3)
  10 ushabtiu
  40 yaks
  A black mamba zombie (Crypt:3)
  8 wraiths
  Eustachio (D:6)
  9 fire elementals
  3 wyverns
  6 humans (Shoals:4)
  A golden eye (shapeshifter) (Elf:1)
  A naga simulacrum (Crypt:1)
  4 basilisks
  5 chaos spawn (Depths:1)
  2 neqoxecs
  6 vampire mosquitoes
  6 wargs
  A steam dragon (D:9)
  Edmund (D:4)
  10 large abominations
  4 acid dragons
  42 nagas
  A glowing shapeshifter skeleton (Vaults:3)
  6 hell hounds
  15 water moccasins
  A floating eye (Depths:2)
  29 orc warriors
  5 black bears
  An ice beast (D:7)
  An ettin simulacrum (Crypt:1)
  2 sky beasts (D:7)
  17 ogres
  29 wolves
  15 boggarts
  9 centaurs
  A phantom (D:4)
  An elf zombie (Elf:1)
  Blork the orc (Orc:2)
  7 kobold brigands
  5 necrophages
  8 bullfrogs
  3 scorpions (D:7)
  A human skeleton (Vaults:3)
  A cyclops zombie (Crypt:3)
  A gnoll sergeant (D:10)
  6 earth elementals
  12 wights
  A warg skeleton (Crypt:3)
  20 killer bees
  4 small abominations (Depths:1)
  A howler monkey (D:7)
  2 electric eels (D:7)
  A quasit (Sewer)
  4 jellies
  A gnoll bouda (D:7)
  16 orc priests
  A hound (D:4)
  Crazy Yiuf (D:2)
  12 hell rats
  2 sleepcaps
  Natasha (thrice) (D:4)
  An iguana (D:6)
  18 orc wizards
  A black bear skeleton (Crypt:2)
  A boggart simulacrum (D:15)
  17 mummies
  Robin (D:4)
  10 adders
  6 gnolls
  A howler monkey skeleton (Crypt:3)
  3 river rats (D:3)
  A steam dragon skeleton (Crypt:1)
  4 shadow imps
  2 white imps
  5 ufetubi
  6 adder zombies
  An iguana zombie (Crypt:1)
  3 worms
  3 dart slugs
  54 orcs
  2 bat zombies
  6 endoplasms
  6 giant cockroaches
  A gnoll zombie (Ossuary)
  17 goblins
  9 hobgoblins
  2 jackals (D:2)
  33 kobolds
  4 quokkas
  14 ball pythons
  9 bats
  2 frilled lizards
  A gnoll skeleton (Crypt:2)
  2 goblin zombies (Ossuary)
  5 hobgoblin zombies (Ossuary)
  A jackal skeleton (Crypt:3)
  A jackal zombie (Crypt:3)
  3 kobold zombies (Ossuary)
  A quokka zombie (Ossuary)
  4 rats
  4 rat zombies
  A butterfly (Lair:4)
2669 creatures vanquished.

Vanquished Creatures (others)
  Rupert (D:15)
  Jorgrun (Snake:1)
  An Orb Guardian (Zot:5)
  2 tengu reavers
  2 fire giants (Vaults:5)
  A vault warden (Vaults:3)
  A deep elf elementalist (Elf:3)
  A stone giant (Depths:3)
  A vampire knight (Depths:3)
  A deep elf annihilator (Vaults:5)
  A dire elephant (Vaults:1)
  A spark wasp (Depths:4)
  2 ettins
  A merfolk impaler (Shoals:4)
  An entropy weaver (Vaults:2)
  A yaktaur captain (Vaults:5)
  A spriggan air mage (Depths:3)
  A two-headed ogre (D:13)
  3 dancing weapons (Elf:2)
  A satyr (Shoals:4)
  A skeletal warrior (Crypt:1)
  A sea snake (Shoals:2)
  A large abomination (Zot:5)
  4 deep trolls
  A necromancer (Vaults:1)
  A shadow demon (Zig:3)
  A deep elf zephyrmancer (Elf:2)
  A lindwurm (Vaults:3)
  A deep elf archer (Zig:9)
  A wolf spider (Vaults:4)
  A faun (Shoals:2)
  2 ugly things
  A salamander (Snake:2)
  A manticore (Shoals:3)
  A moth of wrath (Zot:3)
  An elephant (Lair:5)
  2 guardian serpents
  A wind drake (Shoals:1)
  A red devil (Zig:3)
  A polar bear (IceCv)
  A merfolk (Shoals:4)
  A blink frog (Lair:4)
  2 snapping turtles
  A dream sheep (Shoals:4)
  A slime creature (Vaults:3)
  A spriggan (Lair:4)
  2 water elementals
  A human (Shoals:4)
  3 nagas
  2 wolves
  An ogre (Vaults:5)
  A hell rat (Hell)
  A white imp (Vaults:4)
  6 orcs
  2 endoplasms (Sewer)
  A kobold zombie (Sewer)
  4 foxfires (Zig:8)
  34 fungi
  165 plants
280 creatures vanquished.

Grand Total: 2949 creatures vanquished

Notes
Turn   | Place    | Note
-------+----------+-------------------------------------------
     0 | D:1      | cforsyth the Formicid Fighter began the quest for the Orb.
     0 | D:1      | Reached XP level 1. HP: 18/18 MP: 1/1
   128 | D:1      | Reached XP level 2. HP: 24/24 MP: 2/2
   412 | D:1      | Reached XP level 3. HP: 20/30 MP: 3/3
   510 | D:1      | Found a faded altar of an unknown god.
   885 | D:2      | Found a runed translucent door.
   886 | D:2      | Noticed Crazy Yiuf
   945 | D:2      | Reached XP level 4. HP: 37/37 MP: 4/4
  1717 | D:3      | Found a glowing drain.
  1729 | D:3      | Reached XP level 5. HP: 30/42 MP: 5/5
  1750 | Sewer    | Entered a sewer
  2241 | Sewer    | Noticed a kobold brigand
  2257 | Sewer    | Noticed a kobold brigand
  2261 | Sewer    | Killed a kobold brigand
  2262 | Sewer    | Reached skill level 5 in Maces & Flails
  2262 | Sewer    | Reached XP level 6. HP: 39/50 MP: 6/6
  2277 | Sewer    | Reached skill level 5 in Fighting
  2301 | Sewer    | Noticed Grinder
  2463 | Sewer    | Killed Grinder
  2464 | Sewer    | Reached XP level 7. HP: 53/56 MP: 7/7
  2472 | Sewer    | Found a burning altar of Makhleb.
  2682 | D:3      | Found Guin's Armour Boutique.
  2899 | D:3      | Found Uma Asur's Armour Shoppe.
  3066 | D:3      | Found Zidev's Jewellery Shoppe.
  3107 | D:3      | Found Bonevvat's Weapon Shop.
  3260 | D:3      | Found Tyexzaar's Magic Scroll Shop.
  3736 | D:4      | Noticed Edmund
  3912 | D:4      | Noticed Robin
  4155 | D:4      | Killed Robin
  4399 | D:4      | Killed Edmund
  4400 | D:4      | Reached XP level 8. HP: 25/64 MP: 8/8
  4671 | D:4      | Found Quic Ray's Serpentskin Sales.
  4818 | D:4      | Found a broken altar of Ashenzari.
  4892 | D:4      | Noticed Natasha
  4902 | D:4      | Killed Natasha
  5056 | D:4      | Found a basalt altar of Yredelemnul.
  5203 | D:4      | Noticed Natasha
  5207 | D:4      | Killed Natasha
  5263 | D:4      | Found Quic Ray's Serpentskin Sales.
  5295 | D:4      | Found a broken altar of Ashenzari.
  5442 | D:4      | Noticed Natasha
  5448 | D:4      | Killed Natasha
  5816 | D:4      | Found a basalt altar of Yredelemnul.
  6080 | D:5      | Entered Level 5 of the Dungeon
  6561 | D:5      | Found Nanus's Antique Armour Emporium.
  7365 | D:6      | Reached XP level 9. HP: 62/72 MP: 9/9
  7492 | D:6      | Reached skill level 10 in Maces & Flails
  7514 | D:6      | Noticed Eustachio
  7560 | D:6      | Killed Eustachio
  7760 | D:6      | Found a bloodstained altar of Trog.
  7829 | D:6      | Found a snail-covered altar of Cheibriados.
  7953 | D:6      | Found a blossoming altar of Fedhas.
  8141 | D:7      | Found a sand-covered staircase.
  8158 | Ossuary  | Entered an ossuary
  8395 | D:7      | Identified a scroll of acquirement
  8630 | D:7      | Reached XP level 10. HP: 82/82 MP: 10/10
  8814 | D:7      | Noticed a skeletal warrior
  8931 | D:3      | Acquired 909 gold pieces
  8934 | D:3      | Bought the +9 plate armour "Efoysa Juma" {Str+3 Int+4} for
                  | 897 gold pieces
  9320 | D:7      | Found a glowing golden altar of the Shining One.
  9369 | D:7      | Found a staircase to the Ecumenical Temple.
  9376 | Temple   | Entered the Ecumenical Temple
  9746 | Temple   | Became a worshipper of Ru the Awakened
 10334 | D:7      | Killed a skeletal warrior
 10487 | D:8      | Found a radiant altar of Vehumet.
 10488 | D:8      | Found an ornate altar of the Wu Jian Council.
 10489 | D:8      | Found an opulent altar of Gozag.
 10675 | D:8      | Reached skill level 10 in Fighting
 11194 | D:8      | Gained mutation: You cannot be stealthy. [Ru sacrifice]
 11651 | D:9      | Reached XP level 11. HP: 92/92 MP: 11/11
 12392 | D:10     | Entered Level 10 of the Dungeon
 12869 | D:10     | Found a runed translucent door.
 12878 | D:10     | Noticed a tengu warrior
 12880 | D:10     | Noticed a tengu warrior
 12913 | D:10     | Killed a tengu warrior
 12914 | D:10     | Reached skill level 5 in Shields
 12918 | D:10     | Killed a tengu warrior
 13019 | D:10     | Found a runed translucent door.
 13031 | D:10     | Found a runed translucent door.
 13033 | D:10     | Found a staircase to the Orcish Mines.
 13049 | D:10     | Found a runed translucent door.
 13067 | D:10     | Noticed an orange crystal statue
 13652 | D:11     | Reached skill level 5 in Armour
 13763 | D:11     | Reached XP level 12. HP: 100/100 MP: 12/12
 13769 | D:11     | Noticed a two-headed ogre
 13780 | D:11     | Killed a two-headed ogre
 14108 | D:11     | Gained mutation: You cannot study or cast Poison magic. [Ru
                  | sacrifice]
 14108 | D:11     | Gained mutation: You cannot study or cast Hexes magic. [Ru
                  | sacrifice]
 14108 | D:11     | Gained mutation: You cannot study or cast Conjurations
                  | magic. [Ru sacrifice]
 14108 | D:11     | Reached * piety under Ru
 14372 | D:11     | Found a staircase to the Lair.
 15148 | D:12     | Reached skill level 15 in Maces & Flails
 15196 | D:12     | Noticed Lodul
 15283 | D:12     | Killed Lodul
 15512 | D:12     | Found Zuocoul's Book Boutique.
 16038 | Lair:1   | Entered Level 1 of the Lair of Beasts
 16232 | Lair:1   | Gained mutation: You cannot train Dodging skill. [Ru
                  | sacrifice]
 16232 | Lair:1   | Reached ** piety under Ru
 16232 | Lair:1   | Reached *** piety under Ru
 16360 | Lair:1   | Reached XP level 13. HP: 35/106 MP: 13/13
 17630 | Lair:2   | Noticed Harold
 17941 | Lair:2   | Killed Harold
 17942 | Lair:2   | Reached skill level 10 in Shields
 17974 | Lair:2   | Noticed a five-headed hydra
 18591 | Lair:2   | Found a runed translucent door.
 18591 | Lair:2   | Noticed GloriousHammer's ghost (journeyman TrFi)
 18820 | Lair:2   | Killed a five-headed hydra
 19657 | Lair:3   | Found the +3 pair of seven-league boots {Rampage+∞}
 20004 | Lair:3   | Noticed an eight-headed hydra
 20010 | Lair:3   | Killed an eight-headed hydra
 20050 | Lair:3   | Gained mutation: You cannot study or use magical devices.
                  | [Ru sacrifice]
 20050 | Lair:3   | Reached **** piety under Ru
 20050 | Lair:3   | Reached ***** piety under Ru
 20069 | Lair:3   | You fall into a shaft and drop 1 floor!
 20088 | Lair:4   | Reached XP level 14. HP: 112/113 MP: 14/14
 20288 | Lair:3   | Acquired 512 gold pieces
 20297 | Lair:3   | Found a staircase to the Shoals.
 20478 | Lair:3   | Found a staircase to the Snake Pit.
 20830 | Lair:2   | Killed GloriousHammer's ghost
 21085 | Lair:2   | Identified the +5 flail of Niwiec {heavy, Int+2 Dex+4}
 21890 | Lair:4   | Reached skill level 10 in Armour
 22516 | Lair:4   | Found a runed translucent gate.
 22516 | Lair:4   | Found a runed translucent gate.
 22516 | Lair:4   | Noticed a rockslime
 22516 | Lair:4   | Noticed an acid blob
 22517 | Lair:4   | Found a runed translucent gate.
 22517 | Lair:4   | Noticed an acid blob
 22517 | Lair:4   | Noticed an azure jelly
 22517 | Lair:4   | Noticed an acid blob
 22517 | Lair:4   | Noticed an acid blob
 22517 | Lair:4   | Noticed an azure jelly
 22517 | Lair:4   | Noticed grumposus's ghost (journeyman OpTm)
 22517 | Lair:4   | Noticed an azure jelly
 22517 | Lair:4   | Noticed an acid blob
 22517 | Lair:4   | Noticed an azure jelly
 22518 | Lair:4   | Noticed an azure jelly
 22524 | Lair:4   | Found a viscous altar of Jiyva.
 22524 | Lair:4   | Found a staircase to the Slime Pits.
 22692 | Lair:4   | Found a viscous altar of Jiyva.
 22707 | Lair:5   | Entered Level 5 of the Lair of Beasts
 23727 | Lair:4   | Gained mutation: You are hated by all. [Ru sacrifice]
 24045 | Lair:5   | Reached XP level 15. HP: 117/121 MP: 15/15
 24452 | Lair:5   | Got Gearaf's Annotations on Zombies and Obstruction
 25329 | Orc:1    | Entered Level 1 of the Orcish Mines
 25467 | Orc:1    | Found a one-way gate to the infinite horrors of the Abyss.
 25467 | Orc:1    | Noticed cforsyth's ghost (journeyman FoFi)
 25467 | Orc:1    | Found the +3 warlock's mirror {omnireflect}
 25468 | Orc:1    | Found a transporter.
 25472 | Orc:1    | Found a transporter.
 25472 | Orc:1    | Noticed an orc warlord
 25487 | Orc:1    | Noticed a cyan very ugly thing
 25968 | Orc:2    | Entered Level 2 of the Orcish Mines
 25968 | Orc:2    | Found a staircase to the Elven Halls.
 25987 | Orc:2    | Noticed Saint Roka
 26302 | Orc:1    | Killed Saint Roka
 27015 | Orc:2    | Noticed Azrael
 27027 | Orc:2    | Killed Azrael
 27699 | Orc:2    | Noticed Nergalle
 27699 | Orc:2    | Noticed an orc warlord
 27700 | Orc:2    | Noticed Blork the orc
 27703 | Orc:2    | Killed Blork the orc
 27703 | Orc:2    | Killed Nergalle
 27891 | Orc:1    | Killed an orc warlord
 28298 | Orc:2    | Found Rics's Book Boutique.
 28300 | Orc:2    | Found Uliriorut's General Store.
 28306 | Orc:2    | Found Qushrela's Antique Armour Boutique.
 28472 | Orc:2    | Found Jomat's Antique Weapon Boutique.
 28494 | Orc:2    | Bought the +2 shield of Resistance {rF++ rC++ Will++} for
                  | 2115 gold pieces
 28494 | Orc:2    | Found the +2 shield of Resistance {rF++ rC++ Will++}
 28919 | D:2      | Killed Crazy Yiuf
 29466 | D:13     | Found a gate to the Vaults.
 29543 | D:13     | Found a portal to a secret trove of treasure.
 29573 | D:13     | Found a runed translucent door.
 29575 | D:13     | Noticed Zedil's ghost (journeyman VSBr)
 29792 | D:13     | Found a gate leading to a gauntlet.
 29989 | D:13     | Reached XP level 16. HP: 131/131 MP: 16/16
 30597 | D:14     | Found a sparkling altar of Nemelex Xobeh.
 32489 | D:15     | Entered Level 15 of the Dungeon
 32594 | D:15     | Noticed Rupert
 32619 | D:15     | Killed Rupert
 32656 | D:15     | Noticed Nessos
 32666 | D:15     | Killed Nessos
 33216 | D:15     | Found a staircase to the Depths.
 33216 | D:15     | Noticed a frost giant
 33232 | D:15     | Killed a frost giant
 33623 | Shoals:1 | Entered Level 1 of the Shoals
 33909 | Shoals:1 | Reached skill level 15 in Fighting
 35032 | Shoals:1 | Reached XP level 17. HP: 108/142 MP: 17/17
 35887 | Shoals:2 | Found a frozen archway.
 35911 | IceCv    | Entered an ice cave
 36532 | IceCv    | Noticed a shard shrike
 36571 | IceCv    | Reached skill level 15 in Armour
 36667 | IceCv    | Killed a shard shrike
 36782 | IceCv    | Got the Handbook of Frostbite
 36789 | IceCv    | Identified the +7 shortbow "Ullof" {antimagic, Drain rElec
                  | rF++ rCorr}
 37918 | Shoals:2 | HP: 5/141 [faun/+0 spear[a satyr] (39)]
 38844 | Shoals:2 | Identified the amulet of the Camelopard {Acrobat Will+}
 39502 | Shoals:3 | Reached XP level 18. HP: 150/155 MP: 18/18
 40209 | Shoals:4 | Entered Level 4 of the Shoals
 40224 | Shoals:4 | Gained mutation: You are slightly weak-willed. (Will-) [Ru
                  | sacrifice]
 40224 | Shoals:4 | Reached ****** piety under Ru
 40230 | Shoals:4 | Noticed Kirke
 40242 | Shoals:4 | Killed Kirke
 40548 | Shoals:4 | Noticed Ilsuiw
 40881 | Shoals:3 | HP: 6/137 [poisoned by a merfolk impaler]
 40886 | Shoals:3 | HP: 3/137 [poisoned by a merfolk impaler]
 41556 | Shoals:3 | Killed Ilsuiw
 42488 | Shoals:3 | HP: 6/147 [poisoned by a merfolk]
 42493 | Shoals:3 | HP: 2/147 [poisoned by a merfolk]
 43462 | Shoals:4 | Noticed Polyphemus
 44027 | Shoals:3 | Killed Polyphemus
 44928 | Shoals:4 | Identified the ring of Giphik {rF+ Str+2}
 45513 | Shoals:4 | Noticed Roxanne
 45542 | Shoals:4 | Killed Roxanne
 45685 | Shoals:4 | Got a barnacled rune of Zot
 45899 | Shoals:4 | Reached XP level 19. HP: 93/166 MP: 19/19
 46797 | D:4      | Bought a ring of poison resistance for 240 gold pieces
 47023 | Snake:1  | Entered Level 1 of the Snake Pit
 47023 | Snake:1  | Noticed Aizul
 47043 | Lair:3   | Killed Aizul
 47492 | Snake:1  | Found Gaerugol's Overcharged Wands.
 47678 | Snake:1  | Identified the +6 arbalest of Governance {freeze, +Blink
                  | rN+ rCorr}
 48148 | Snake:1  | Found Aros's Armour Shoppe.
 48995 | Snake:2  | Noticed Jorgrun
 49210 | Snake:1  | Killed Jorgrun
 50059 | Snake:2  | Found Fyemainn's Book Boutique.
 50209 | Snake:2  | Found Dete's Magic Scroll Shop.
 51276 | Snake:3  | Identified the +4 flail "Naidesse" {freeze, rC++}
 51595 | Snake:3  | Reached XP level 20. HP: 78/167 MP: 12/20
 52058 | Snake:4  | Entered Level 4 of the Snake Pit
 53943 | Snake:4  | Noticed Vashnia
 54078 | Snake:4  | Killed Vashnia
 55508 | Snake:4  | Got a serpentine rune of Zot
 55715 | Vaults:1 | Entered Level 1 of the Vaults
 55729 | Vaults:1 | Reached skill level 15 in Shields
 56997 | Vaults:1 | HP: 7/153 [tengu reaver/bolt of lightning (19)]
 59327 | Vaults:1 | Reached XP level 21. HP: 84/165 MP: 12/21
 59332 | Vaults:1 | HP: 6/166 [ironbound thunderhulk/bolt of lightning (48)]
 59339 | Vaults:1 | You fall into a shaft and drop 1 floor!
 61459 | Vaults:2 | Found a runed translucent gate.
 61459 | Vaults:2 | Found a runed translucent gate.
 61459 | Vaults:2 | Found a runed translucent gate.
 61461 | Vaults:2 | Noticed Pileu's ghost (adept DsFE)
 62824 | Vaults:3 | Found Pupastra's Assorted Antiques.
 64097 | Vaults:3 | Found a staircase to the Crypt.
 65254 | Vaults:4 | Reached XP level 22. HP: 198/198 MP: 22/22
 65676 | Vaults:4 | Found Ziuk Niu's Book Shop.
 67310 | Vaults:4 | Found Jiduten's Antique Armour Shop.
 67593 | Vaults:5 | Entered Level 5 of the Vaults
 67943 | Elf:1    | Entered Level 1 of the Elven Halls
 67943 | Elf:1    | Noticed Frances
 67954 | Orc:2    | Killed Frances
 69034 | Elf:1    | Got the Precepts of Iniquitous Mysteries
 69352 | Elf:1    | Reached XP level 23. HP: 207/207 MP: 23/23
 69695 | D:3      | Bought the dreamshard necklace {*Dream Drain} for 2000 gold
                  | pieces
 69695 | D:3      | Found the dreamshard necklace {*Dream Drain}
 69932 | D:13     | You paid a toll of the dreamshard necklace to enter a
                  | treasure trove
 69933 | Trove    | Entered a treasure trove
 69942 | Trove    | Identified the ring of Midsummer {Fire Fly rN+ Will+
                  | Stlth-}
 69943 | Trove    | Identified the ring "Asopsast" {rPois rF+ rN+ SInv}
 69962 | Trove    | Identified the ring of the Equinox {rC++ rCorr}
 69975 | Trove    | Identified the amulet of Fes Kawn {Acrobat rPois rC++ Int-4
                  | Dex-5}
 69977 | Trove    | Identified the ring "Ledit" {Str+6 Int+3}
 69978 | Trove    | Identified the amulet "Urhuer" {rF+ rN+++ Regen+ Str-3
                  | Dex-4}
 70043 | D:13     | Killed Zedil's ghost
 70053 | D:13     | Identified the staff of poison "Ehuvvoapp" {rPois rN+++
                  | Str+2 Stlth-}
 70229 | Elf:2    | Found a shimmering blue altar of Sif Muna.
 70905 | Elf:2    | Found Iroinutom's Jewellery Emporium.
 71169 | Elf:2    | Found Wakhuv's Magic Scroll Shoppe.
 71221 | Elf:2    | Found a runed translucent gate.
 71221 | Elf:2    | Found a runed translucent gate.
 71225 | Elf:2    | Found a runed translucent gate.
 71956 | Elf:3    | Entered Level 3 of the Elven Halls
 71967 | Elf:3    | Noticed Nikola
 71979 | Elf:3    | Killed Nikola
 71993 | Elf:3    | Found a flickering gateway to a bazaar.
 71999 | Bazaar   | Entered a bazaar
 72020 | Bazaar   | Found Tintuijuu's Antique Armour Emporium.
 72049 | Bazaar   | Found Wyfuobunt's Magic Scroll Shoppe.
 72049 | Bazaar   | Found Enugg's Antique Armour Emporium.
 72165 | Bazaar   | Bought a scroll of enchant armour for 105 gold pieces
 72203 | Elf:3    | Noticed Zenata
 72213 | Elf:3    | Killed Zenata
 73420 | Elf:3    | Identified the ring "Foguo" {*Corrode rF+ Str+9 SInv}
 73473 | Elf:3    | Identified the ring "Oqyixaxt" {rF+ rN+ rCorr Str+3 Int-4
                  | Dex+6}
 73478 | Elf:3    | Identified the +3 whip of Uskayaw, Gnashing {speed, Str+4
                  | Dex+4}
 73496 | Elf:3    | Identified the ring of the Last Invaders {rC+ Int+4}
 73497 | Elf:3    | Noticed Donald
 73497 | Elf:3    | Identified the +5 fire dragon scales "Nooklay" {Harm rF++
                  | rC- Str+9 Dex+4}
 73576 | Elf:2    | Killed Donald
 74095 | Elf:3    | Reached XP level 24. HP: 206/218 MP: 23/23
 74239 | Elf:3    | Identified the +8 chain mail "Dutrynocza" {Str-5 Int+7
                  | Dex-2}
 74528 | Depths:1 | Entered Level 1 of the Depths
 74661 | Depths:1 | Found a gateway to Hell.
 75288 | Depths:1 | Found a one-way gate leading to the halls of Pandemonium.
 75721 | Depths:2 | Found Olluz's Antique Weapon Boutique.
 75888 | Depths:2 | Found a one-way gateway to a ziggurat.
 76007 | Depths:2 | Found Dyekhoocs's Assorted Antiques.
 76250 | Depths:2 | Found Cossuh's Book Boutique.
 76250 | Depths:2 | Found Delaqal's Jewellery Emporium.
 76252 | Depths:2 | Found Ymiuna's Book Boutique.
 76343 | Depths:2 | Found a hide-covered altar of Uskayaw.
 76625 | Depths:3 | Found Vasun's Assorted Antiques.
 76625 | Depths:3 | Found Gipoxec's Assorted Antiques.
 76897 | Depths:3 | Found a corrupted altar of Lugonu.
 77389 | Depths:3 | Reached XP level 25. HP: 193/212 MP: 23/23
 78444 | Depths:4 | Entered Level 4 of the Depths
 78536 | Depths:4 | Found a stormy altar of Qazlal.
 79170 | Depths:4 | Noticed Parghit
 79191 | Depths:4 | Killed Parghit
 80044 | Depths:4 | Found a gate to the Realm of Zot.
 81239 | Vaults:5 | Noticed Margery
 82700 | Vaults:4 | Reached XP level 26. HP: 126/232 MP: 23/23
 84909 | Vaults:5 | Noticed an ancient lich
 85614 | Vaults:4 | Killed Margery
 85903 | Vaults:4 | Killed an ancient lich
 86057 | Vaults:5 | Noticed Jory
 86468 | Vaults:4 | Killed Jory
 86543 | Vaults:5 | Reached skill level 27 in Fighting
 86747 | Vaults:5 | Got a silver rune of Zot
 86826 | Vaults:5 | Found Gofyfeq's Distillery.
 86905 | Vaults:5 | Found Lyuzeph's Antique Armour Shoppe.
 86913 | Vaults:5 | Bought a pair of faintly humming gloves for 370 gold pieces
 86913 | Vaults:5 | Identified the +0 pair of gloves of Fauseony {-Tele Slay+5}
                  | (You bought it in a shop on level 5 of the Vaults)
 87004 | Vaults:5 | Found Evydd's Distillery.
 87004 | Vaults:5 | Found Vosohein's Distillery.
 87008 | Vaults:5 | Found Niseina's Antique Weapon Shoppe.
 87038 | Vaults:5 | Found Remukege's Book Shoppe.
 87393 | Vaults:5 | Found Irchybad's Distillery.
 87583 | Vaults:5 | Found Funkah's Magic Scroll Shop.
 87606 | Vaults:5 | Found Paegre's Distillery.
 87718 | Vaults:5 | Bought 2 potions of experience for 1600 gold pieces
 87724 | Vaults:5 | Reached XP level 27. HP: 249/249 MP: 23/23
 87815 | Crypt:1  | Entered Level 1 of the Crypt
 87875 | Crypt:1  | Identified the ring "Ygyoled" {Ice rPois rN+ SInv}
 87875 | Crypt:1  | Noticed Josephina
 87884 | Crypt:1  | Reached skill level 27 in Armour
 87889 | Crypt:1  | Killed Josephina
 88058 | Crypt:1  | Identified the +8 war axe "Qushonno" {elec, Int+2 Stlth+}
 88168 | Crypt:1  | Identified the +0 robe "Wamenak" {rElec MP-9 Str+7 SInv}
 88382 | Crypt:1  | Identified the +3 lajatang "Xeah" {flame, *Slow rPois Will+
                  | Int+4}
 89253 | Crypt:2  | Reached skill level 27 in Shields
 89323 | Crypt:2  | Noticed Vv
 89342 | Crypt:2  | Killed Vv
 89515 | Crypt:2  | Identified the +0 ring mail of Agnosticism {Will- Str+7
                  | Dex+5}
 90057 | Crypt:3  | Entered Level 3 of the Crypt
 90334 | Crypt:3  | Found an ancient bone altar of Kikubaaqudgha.
 90417 | Crypt:3  | Noticed Boris
 91134 | Crypt:3  | Killed Boris
 91197 | Crypt:3  | Found a runed translucent gate.
 91197 | Crypt:3  | Found a runed translucent gate.
 91198 | Crypt:3  | Found a runed translucent gate.
 91198 | Crypt:3  | Noticed Zievuyg's ghost (adept MiFi)
 91201 | Crypt:3  | Found an iron altar of Okawaru.
 91345 | Crypt:3  | Identified the ring "Gaosypp" {rF+ Str+6}
 91429 | Crypt:3  | Noticed a royal mummy
 91439 | Crypt:3  | Killed a royal mummy
 91458 | Crypt:3  | Identified the +10 sling "Opidwilu" {flame, rF+ Will- rCorr
                  | Int+4}
 91469 | Crypt:3  | Identified the amulet "Gyipn" {rF+ rN+ Regen+ SInv}
 91574 | Crypt:3  | Identified the ring of Democracy {rF+ rN+}
 91574 | Crypt:3  | Identified the ring "Tobuh" {rN+ Dex-3 Slay+6}
 92315 | Crypt:3  | Found a staircase to the Tomb.
 92935 | Lair:4   | You fall into a shaft and drop 1 floor!
 93360 | Lair:4   | You fall into a shaft and drop 1 floor!
 93682 | Lair:4   | Killed grumposus's ghost
 93942 | Orc:1    | Killed cforsyth's ghost
 94226 | Vaults:2 | You fall into a shaft and drop 1 floor!
 94403 | Vaults:2 | Killed Pileu's ghost
 94693 | Vaults:2 | Identified the +0 helmet of Virtue {rC++ rN+ Int-3}
 94920 | Hell     | Entered the Vestibule of Hell
 94920 | Hell     | Noticed Geryon
 98015 | Hell     | Killed Geryon
 98367 | Hell     | Found a gateway to the decaying netherworld of Tartarus.
 98425 | Hell     | Found a gateway to the ashen valley of Gehenna.
 98533 | Hell     | Found a gateway to the Iron City of Dis.
 98560 | Hell     | Found a gateway to the freezing wastes of Cocytus.
 98766 | Zot:1    | Entered Level 1 of the Realm of Zot
 99057 | Zot:1    | You fall into a shaft and drop 1 floor!
 99411 | Zot:1    | Identified the +1 plate armour of Generosity {Dex+4}
100286 | Zot:2    | Identified the +2 plate armour of Whack-A-Mole {Dex+5}
101269 | Zot:2    | Acquired the amulet of Spite {Fragile rElec rPois rF+
                  | Regen+}
101851 | Zot:2    | Reached skill level 27 in Maces & Flails
102172 | Zot:2    | Reached skill level 1 in Ranged Weapons
102172 | Zot:2    | Reached skill level 1 in Spellcasting
102783 | Zot:3    | Reached skill level 5 in Ranged Weapons
102783 | Zot:3    | Reached skill level 5 in Spellcasting
103214 | Zot:4    | Noticed an orb of fire
103220 | Zot:4    | Killed an orb of fire
104247 | Zot:5    | Entered Level 5 of the Realm of Zot
104901 | Zot:5    | Noticed a Killer Klown
104918 | Zot:5    | Killed a Killer Klown
104921 | Zot:5    | Noticed a Killer Klown
104945 | Zot:5    | Killed a Killer Klown
104987 | Zot:5    | Noticed a dread lich
104991 | Zot:5    | Noticed a Killer Klown
104995 | Zot:5    | Killed a dread lich
104996 | Zot:5    | Reached skill level 10 in Ranged Weapons
104996 | Zot:5    | Reached skill level 10 in Spellcasting
105001 | Zot:5    | Killed a Killer Klown
105085 | Zot:5    | Noticed a dread lich
105094 | Zot:5    | Killed a dread lich
105118 | Zot:5    | Noticed an orb of fire
105138 | Zot:5    | Noticed an ancient lich
105146 | Zot:5    | Killed an orb of fire
105152 | Zot:5    | Killed an ancient lich
105201 | Zot:5    | Noticed a Killer Klown
105201 | Zot:5    | Noticed a Killer Klown
105219 | Zot:5    | Noticed an orb of fire
105227 | Zot:5    | Killed a Killer Klown
105230 | Zot:5    | Gained mutation: Potions are less effective at restoring
                  | your health. [an orb of fire]
105234 | Zot:5    | Gained mutation: You are robust. (+10% HP) [an orb of fire]
105239 | Zot:5    | Gained mutation: You occasionally lose the ability to read
                  | scrolls when taking damage. [an orb of fire]
105241 | Zot:5    | Killed an orb of fire
105255 | Zot:5    | Killed a Killer Klown
105432 | Zot:5    | Noticed an orb of fire
105434 | Zot:5    | Noticed a Killer Klown
105434 | Zot:5    | Gained mutation: You occasionally shout uncontrollably at
                  | your foes. [an orb of fire]
105438 | Zot:5    | Killed an orb of fire
105439 | Zot:5    | Noticed an orb of fire
105442 | Zot:5    | Noticed a Killer Klown
105442 | Zot:5    | Lost mutation: You are robust. (+10% HP) [an orb of fire]
105443 | Zot:5    | Gained mutation: You sometimes lose the ability to read
                  | scrolls when taking damage. [an orb of fire]
105445 | Zot:5    | Gained mutation: You are clumsy. (Dex -2) [an orb of fire]
105448 | Zot:5    | Killed a Killer Klown
105450 | Zot:5    | Gained mutation: Potions cannot restore your health. [an
                  | orb of fire]
105462 | Zot:5    | Killed an orb of fire
105474 | Zot:5    | Killed a Killer Klown
105807 | Zot:4    | Lost mutation: Potions cannot restore your health. [potion
                  | of mutation]
105807 | Zot:4    | Lost mutation: You are clumsy. (Dex -2) [potion of
                  | mutation]
105807 | Zot:4    | Lost mutation: Potions are less effective at restoring your
                  | health. [potion of mutation]
105807 | Zot:4    | Gained mutation: You are clumsy. (Dex -2) [potion of
                  | mutation]
105807 | Zot:4    | Gained mutation: Potions are less effective at restoring
                  | your health. [potion of mutation]
105808 | Zot:4    | Lost mutation: Potions are less effective at restoring your
                  | health. [potion of mutation]
105808 | Zot:4    | Lost mutation: You occasionally shout uncontrollably at
                  | your foes. [potion of mutation]
105808 | Zot:4    | Lost mutation: You are clumsy. (Dex -2) [potion of
                  | mutation]
105808 | Zot:4    | Gained mutation: You have large cloven feet. [potion of
                  | mutation]
105808 | Zot:4    | Gained mutation: You are partially covered in iridescent
                  | scales. (AC +2) [potion of mutation]
105809 | Zot:4    | Lost mutation: You have large cloven feet. [potion of
                  | mutation]
105809 | Zot:4    | Lost mutation: You are partially covered in iridescent
                  | scales. (AC +2) [potion of mutation]
105809 | Zot:4    | Lost mutation: You sometimes lose the ability to read
                  | scrolls when taking damage. [potion of mutation]
105809 | Zot:4    | Gained mutation: Armour fits poorly on your strangely
                  | shaped body. [potion of mutation]
105809 | Zot:4    | Gained mutation: You are partially covered in iridescent
                  | scales. (AC +2) [potion of mutation]
105810 | Zot:4    | Lost mutation: You are partially covered in iridescent
                  | scales. (AC +2) [potion of mutation]
105810 | Zot:4    | Lost mutation: Armour fits poorly on your strangely shaped
                  | body. [potion of mutation]
105810 | Zot:4    | Lost mutation: You occasionally lose the ability to read
                  | scrolls when taking damage. [potion of mutation]
105810 | Zot:4    | Gained mutation: You expend magic power (3 MP) to
                  | strengthen your wands. [potion of mutation]
105810 | Zot:4    | Gained mutation: Your flesh is heat resistant. (rF+)
                  | [potion of mutation]
105811 | Zot:4    | Lost mutation: Your flesh is heat resistant. (rF+) [potion
                  | of mutation]
105811 | Zot:4    | Lost mutation: You expend magic power (3 MP) to strengthen
                  | your wands. [potion of mutation]
105811 | Zot:4    | Gained mutation: You occasionally lose the ability to drink
                  | potions when taking damage. [potion of mutation]
105811 | Zot:4    | Gained mutation: You do not regenerate when monsters are
                  | visible. [potion of mutation]
105812 | Zot:4    | Lost mutation: You occasionally lose the ability to drink
                  | potions when taking damage. [potion of mutation]
105812 | Zot:4    | Lost mutation: You do not regenerate when monsters are
                  | visible. [potion of mutation]
105812 | Zot:4    | Gained mutation: You have sharp fingernails. [potion of
                  | mutation]
105812 | Zot:4    | Gained mutation: You occasionally shout uncontrollably at
                  | your foes. [potion of mutation]
105812 | Zot:4    | Gained mutation: You have hidden genetic potential. [potion
                  | of mutation]
106125 | Zig:1    | Entered Level 1 of a ziggurat
106141 | Zig:2    | Entered Level 2 of a ziggurat
106144 | Zig:2    | Gained mutation: Armour fits poorly on your strangely
                  | shaped body. [a neqoxec]
106153 | Zig:2    | Gained mutation: Your spells are a little easier to cast,
                  | but a little less powerful. [a neqoxec]
106172 | Zig:3    | Entered Level 3 of a ziggurat
106203 | Zig:3    | Noticed Faf Ebb the pandemonium lord
106218 | Zig:3    | Killed Faf Ebb the pandemonium lord
106374 | Zig:4    | Entered Level 4 of a ziggurat
106396 | Zig:4    | Identified the +5 glaive "Setesum" {flame, +Blink rF+}
106531 | Zig:5    | Entered Level 5 of a ziggurat
106533 | Zig:5    | Noticed a juggernaut
106546 | Zig:5    | Killed a juggernaut
106564 | Zig:5    | Identified the +2 cloak of Uskayaw's Envy {rElec rN++
                  | Stlth-}
106659 | Zig:6    | Entered Level 6 of a ziggurat
106956 | Zig:7    | Entered Level 7 of a ziggurat
107150 | Zig:7    | Identified the +2 chain mail of the Evening {rN++}
107158 | Zig:7    | Got Cigotuvi's Dissertation on Unstable Sciomancy
107159 | Zig:7    | Identified the staff of cold "Pisuash" {rElec rC+ Will+
                  | Dex+3}
107243 | Zig:8    | Entered Level 8 of a ziggurat
107249 | Zig:8    | Found the ring of the Hare {EV+10}
107560 | Zig:9    | Entered Level 9 of a ziggurat
107796 | Zig:9    | Identified the +1 mace "Goariac" {freeze, rF+ rCorr}
107799 | Zig:9    | Identified the +1 rapier "Owos" {heavy, Dex+2}
107803 | Zig:9    | Identified the staff of death "Ehuiboh" {rN+ Int+2}
107903 | Zig:10   | Entered Level 10 of a ziggurat
107911 | Zig:10   | Noticed a royal mummy
107912 | Zig:10   | Noticed a royal mummy
107912 | Zig:10   | Found the +4 consecrated labrys {holy, Valiant Fragile Fly
                  | SInv}
107916 | Zig:10   | Killed a royal mummy
107916 | Zig:10   | HP: 3/231 [something (17)]
107916 | Zig:10   | HP: 1/231 [poisoned by an ushabti (dark miasma)]
108799 | Zot:5    | Noticed an orb of fire
108809 | Zot:5    | Gained mutation: You occasionally lose the ability to read
                  | scrolls when taking damage. [an orb of fire]
108813 | Zot:5    | Gained mutation: You are clumsy. (Dex -2) [an orb of fire]
108814 | Zot:5    | Gained mutation: You sometimes lose the ability to read
                  | scrolls when taking damage. [an orb of fire]
108818 | Zot:5    | Killed an orb of fire
108996 | Zot:5    | Lost mutation: Your spells are a little easier to cast, but
                  | a little less powerful. [potion of mutation]
108996 | Zot:5    | Lost mutation: You have hidden genetic potential. [potion
                  | of mutation]
108996 | Zot:5    | Gained mutation: Potions are less effective at restoring
                  | your health. [potion of mutation]
108997 | Zot:5    | Lost mutation: You occasionally shout uncontrollably at
                  | your foes. [potion of mutation]
108997 | Zot:5    | Lost mutation: Potions are less effective at restoring your
                  | health. [potion of mutation]
108997 | Zot:5    | Lost mutation: Armour fits poorly on your strangely shaped
                  | body. [potion of mutation]
108997 | Zot:5    | Gained mutation: Your magical capacity is low. (-10% MP)
                  | [potion of mutation]
108997 | Zot:5    | Lost mutation: You sometimes lose the ability to read
                  | scrolls when taking damage. [potion of mutation]
108997 | Zot:5    | Gained mutation: You have large cloven feet. [potion of
                  | mutation]
108998 | Zot:5    | Lost mutation: You have large cloven feet. [potion of
                  | mutation]
108998 | Zot:5    | Lost mutation: You occasionally lose the ability to read
                  | scrolls when taking damage. [potion of mutation]
108998 | Zot:5    | Gained mutation: You are robust. (+10% HP) [potion of
                  | mutation]
108998 | Zot:5    | Gained mutation: You possess an exceptional clarity of
                  | mind. [potion of mutation]
108998 | Zot:5    | Lost mutation: You are clumsy. (Dex -2) [potion of
                  | mutation]
109037 | Zot:5    | Got the Orb of Zot
109051 | Zot:5    | Noticed a seraph
109053 | Zot:5    | Identified the +1 tower shield of Zumauxim {*Slow +Inv
                  | rPois}
109059 | Zot:5    | Noticed Piliqoux the pandemonium lord
109075 | Zot:5    | Killed Piliqoux the pandemonium lord
109149 | Zot:3    | Noticed Otzim the pandemonium lord
109562 | D:6      | Found a sparkling altar of Nemelex Xobeh.
109756 | D:1      | Noticed Sidd the pandemonium lord
109795 | D:1      | Killed Sidd the pandemonium lord
109796 | D:1      | Reached skill level 15 in Ranged Weapons
109796 | D:1      | Reached skill level 15 in Spellcasting
109797 | D:$      | Escaped with the Orb!

Illustrated notes

Levels and vault maps discovered:
D:1:      minmay_arrival_solitary_statue, layout_rooms,
          shapermc_ecumenical_altar_mp_vishouse
D:2:      minmay_spotlight, layout_basic, grunt_ministairs_10,
          uniq_crazy_yiuf_cottage
D:3:      layout_loops_ring, portal_sewer_entry_a, serial_shops,
          nicolae_shop_waterfront, nicolae_shop_crystal, shop, shop, shop,
          chequers_big_river, minmay_misc_feat_tower, minmay_goblin_kobold_house
D:4:      layout_gridville, mainiacjoe_overflow_alcove_2,
          nicolae_ashenzari_panopticon, minmay_misc_feat_x, guppyfry_shop_venom,
          uniq_edmund, uniq_natasha, uniq_robin
D:5:      layout_loops_ring, serial_co_window_serial, co_window_paths_a,
          co_window_corner_a, co_window_corner_a, co_window_paths_a,
          co_window_of_opportunity_a, co_window_corner_b,
          co_window_of_opportunity_c, co_window_paths_c, co_window_broadway_c,
          co_window_paths_e, glass_columns_b, glass_columns_c, glass_columns_a,
          glass_columns_a, glass_columns_a, serial_shops, nicolae_stop_n_shop_2
D:6:      layout_rooms, kennysheep_little_box, nicolae_overflow_hidden_temple,
          minmay_misc_feat_roman, minivault_23, uniq_eustachio
D:7:      nzn_winding_woodlands_cross [nzn_winding_woodlands_5x15_concentric,
          nzn_winding_woodlands_5x15_parted, nzn_winding_woodlands_5x15_jagged,
          nzn_winding_woodlands_5x15_split_checker,
          nzn_winding_woodlands_15x15_eel_pit], layout_basic, tso_altar,
          minmay_temple_entry_mist, gup_ossuary_entry_pyramid
D:8:      layout_gridville, chequers_temple_overflow_statue_of_worship
D:9:      layout_basic
D:10:     layout_roguey, orc_0_dummy, minmay_statue_crystal_thing
D:11:     layout_basic, grunt_lair_entry_orc_guard_hut
D:12:     layout_irregular_city, serial_shops, nicolae_shop_statue_plus,
          hangedman_decor_diamond_cutter, uniq_lodul
D:13:     layout_roguey, david_vaults_2, enter_trove_1,
          ebering_ghost_inner_flame, gauntlet_entry_generic, hangedman_ranch
D:14:     layout_gridville, nicolae_cairo_tiling_large,
          nemelex_spade_bored_becter
D:15:     grunt_enter_depths_snipers, layout_long_grid, roderic_lattice_a,
          uniq_nessos, uniq_rupert
Temple:   minmay_temple_forest_path
Lair:1:   layout_regular_city, st_stairs_13, beast_lair_carwin_6,
          grunt_megastairs_2
Lair:2:   layout_misc_corridors, ebering_ghost_reflecting_pool, nzn_random_ring,
          uniq_harold
Lair:3:   layout_loops_ring, elwin_shoals_entry_rocks,
          guppyfry_snake_entry_garden,
          hellmonk_guarded_unrand_seven_league_boots, lemuel_fruit_fields
Lair:4:   layout_regular_city, slime_entry_1, gammafunk_ghost_ooze,
          lemuel_fruit_tree, grunt_megastairs_3, lemuel_fruit_fields
Lair:5:   minmay_lair_end_enchanted_forest, layout_big_grid
Shoals:1: layout_shoals, nicolae_shoals_siren_and_animal_friends
Shoals:2: layout_shoals, portal_ice_cave_entry_ice_statue_one
Shoals:3: cheibrodos_shoals_oceanic_diplomacy, layout_shoals
Shoals:4: shoals_end_simple, layout_shoals, shoals_ilsuiw_ice,
          nicolae_shoals_seven_spires, nicolae_shoals_mertower, uniq_roxanne,
          uniq_polyphemus, uniq_kirke
Snake:1:  layout_chambers, serial_shops, shop_fountains,
          nicolae_shop_overcharged_wands, uniq_aizul
Snake:2:  cheibrodos_forgotten_conduit, layout_misc_corridors, serial_shops,
          shop_scrolls, basic_altar, minmay_shop_star, uniq_jorgrun
Snake:3:  layout_rooms, serial_bayou_pond_e
Snake:4:  johnstein_snake_rune_scales, layout_cave_town
Orc:1:    layout_diamond_mine, gammafunk_ghost_abyssal_escape
Orc:2:    grunt_orc_cross, layout_diamond_mine, uniq_saint_roka, uniq_azrael
Elf:1:    nicolae_elf_arrival_aired_out, layout_loops_cross,
          minmay_elf_necromancy, grunt_ministairs_4, uniq_frances
Elf:2:    elven_hall_of_blades_hangedman_original [nicolae_blade_lattice],
          layout_geoelf_grid, serial_shops, nicolae_shop_trees, shop,
          basic_altar, guppyfry_elf_garden
Elf:3:    minmay_elf_hall_x, layout_rooms, serial_shops, bzr_entry_islet,
          uniq_donald, uniq_nikola, uniq_zenata
Vaults:1: st_greater_box_1, vaults_mumra_hexcomb, ontoclasm_vaults_hangar,
          hangedman_vaults_variations, nicolae_vaults_sealed_display,
          nicolae_vaults_little_squares_5, v_misc_16,
          ontoclasm_vaults_decontamination, v_alt_pattern_6,
          hangedman_vaults_capsules, nicolae_vaults_rhombus_5,
          hangedman_vaults_snaps, layout_vaults_omnicross
Vaults:2: gammafunk_ghost_tricky_traps, vaults_room_pool, v_pattern_3,
          ontoclasm_vaults_chip, st_lattice, layout_vaults_omnigrid
Vaults:3: nicolae_vaults_lopsided_apartments, v_misc_14,
          nicolae_vaults_little_squares_2, minmay_crypt_entry_skeletal_spiral,
          vaults_dpeg_ring, layout_vaults_chaotic_city, serial_shops,
          nicolae_shop_overgrown_old_shop
Vaults:4: nicolae_vaults_little_squares_4, nicolae_vaults_theta,
          nicolae_vaults_diagonal_hallway_8, nicolae_vaults_three_branches,
          serial_ice_h, v_alt_pattern_2, hangedman_vaults_corner_blocks,
          vaults_mumra_hex, v_misc_5, hangedman_vaults_stitches, v_rooms_1,
          layout_vaults_omnibox, serial_shops, shop, shop
Vaults:5: serial_shops, uniq_jory, uniq_margery
Crypt:1:  layout_misc_corridors, basic_altar, st_stairs_14,
          beargit_elvish_explorers, lemuel_upstairs_altar,
          grunt_crypt_arrival_webbed, uniq_josephina
Crypt:2:  layout_misc_corridors, uniq_vv
Crypt:3:  due_elkab, layout_chaotic_city, nicolae_tomb_entry_rubble_hallway,
          gammafunk_ghost_fury_of_okawaru, grunt_ministairs_6,
          lemuel_statue_altar, moated_statue, uniq_boris
Depths:1: cheibrodos_lost_city_excavation, layout_gridlike,
          minmay_room_of_horrors, hell_entry, pan_entry,
          nicolae_twisting_strands, minmay_misc_feat_nine_boxes,
          kennysheep_generic_room_13
Depths:2: minmay_curly_fans, layout_basic, enter_ziggurat_c, pan_entry,
          serial_shops, nicolae_square_shop, kennysheep_mini_moat,
          hangedman_coc_ice_floe, minmay_misc_feat_diagonals, nrook_campfire,
          dancing_weapons_uskayaw, infiniplex_staircase_zigzag_4,
          minmay_shop_grove
Depths:3: minmay_big_diamond_grid, layout_basic, abyss_entry_flame_altar,
          pf_hell_entry_tar_river, fedhas_altar_1, minmay_misc_feat_doors,
          minmay_shoptagon
Depths:4: grunt_zot_entry_gee_three, layout_basic, pan_entry,
          nicolae_qazlal_general_emergency, hell_entry, uniq_parghit
Hell
Zot:1:    kennysheep_bubbly, layout_twisted_circle
Zot:2:    layout_misc_corridors
Zot:3:    grunt_twist_and_shout, layout_onion, grunt_ministairs_5
Zot:4:    layout_gridlike, grunt_megastairs_1
Zot:5:    layout_misc_corridors, st_stairs_5

Skill      XL: |  1  2  3  4  5  6  7  8  9 10 11 12 13 14 15 16 17 18 19 20 21 22 23 24 25 26 27 |
---------------+----------------------------------------------------------------------------------+-----
Maces & Flails | 3 4 5 6 7 8 10 12 14 15 17 18 19 20 27 | 27.0
Fighting       | 4 5 6 7 8 10 11 12 13 15 17 19 20 21 22 23 24 25 26 27 | 27.0
Armour         | 5 7 9 10 12 14 16 18 20 21 22 23 24 25 26 27 | 27.0
Shields        | 6 9 11 12 13 16 18 19 21 23 24 25 27 | 27.0
Ranged Weapons | 15 | 15.0
Spellcasting   | 15 | 15.0

Action                     |  1- 3 |  4- 6 |  7- 9 | 10-12 | 13-15 | 16-18 | 19-21 | 22-24 | 25-27 || total
---------------------------+-------+-------+-------+-------+-------+-------+-------+-------+-------++-------
  Melee: Flail             |   103 |   194 |   344 |   709 |  1469 |  2301 |  2562 |    21 |       ||  7703
         Great mace        |       |       |       |       |       |       |       |  1427 |  2925 ||  4352
         Unarmed           |       |       |       |       |       |       |       |       |     1 ||     1
 Invoke: Sacrifice Stealth |       |       |       |     1 |       |       |       |       |       ||     1
         Sacrifice Arcana  |       |       |       |     1 |       |       |       |       |       ||     1
         Sacrifice Nimblen |       |       |       |     1 |       |       |       |       |       ||     1
         Sacrifice Artific |       |       |       |       |     1 |       |       |       |       ||     1
         Sacrifice Love    |       |       |       |       |     1 |       |       |       |       ||     1
         Apocalypse        |       |       |       |       |     3 |     5 |    10 |     2 |    13 ||    33
         Reject Sacrifices |       |       |       |       |       |     1 |       |       |       ||     1
         Sacrifice Essence |       |       |       |       |       |     1 |       |       |       ||     1
         Power Leap        |       |       |       |       |       |       |     1 |       |     1 ||     2
Ability: Dig               |       |       |     2 |       |     1 |     1 |       |     3 |     4 ||    11
         Shaft Self        |       |       |       |       |       |       |     1 |       |     3 ||     4
  Evoke: Wand              |       |       |       |     5 |     1 |       |       |       |       ||     6
    Use: Scroll            |       |    11 |    11 |     8 |     5 |     1 |       |     8 |    10 ||    54
         Potion            |       |       |       |       |     2 |     4 |    11 |       |    16 ||    33
   Stab: Distracted        |       |       |       |     1 |     4 |    16 |    12 |     4 |    15 ||    52
         Petrified         |       |       |       |       |     4 |       |       |       |       ||     4
         Invisible         |       |       |       |       |     5 |    21 |    17 |     4 |    24 ||    71
         Paralysed         |       |       |       |       |     4 |    14 |    26 |    14 |    33 ||    91
         Petrifying        |       |       |       |       |       |       |       |     1 |       ||     1
 Armour: Scale mail        |    67 |   136 |   122 |       |       |       |       |       |       ||   325
         Chain mail        |       |       |    97 |    14 |       |       |       |       |       ||   111
         Plate armour      |       |       |       |   377 |   820 |   922 |  1223 |   490 |   255 ||  4087
         Gold dragon scale |       |       |       |       |       |       |       |       |  1477 ||  1477
  Dodge: Dodged            |    72 |   107 |   159 |   308 |   733 |   750 |   975 |   281 |   666 ||  4051
  Block: Buckler           |    38 |    52 |    68 |   134 |   433 |       |       |       |       ||   725
         Kite shield       |       |       |       |    24 |    71 |  1220 |  1582 |   773 |  2286 ||  5956

Table legend: (Time is in decaauts)
 A = Elapsed time spent in this place.
 B = Non-inter-level travel time spent in this place.
 C = Inter-level travel time spent in this place.
 D = Time resting spent in this place.
 E = Time spent auto-exploring this place.
 F = Levels seen in this place.
 G = Mean time per level.
                   A        B        C        D        E       F      G
               +--------+--------+--------+--------+--------+-----+--------+
         Total | 107400 |  99763 |   7637 |  36912 |  43450 |  67 | 1603.0 |
       Dungeon |  22438 |  19211 |   3227 |   4207 |  11338 |  15 | 1495.9 |
        Temple |    409 |    317 |     92 |      0 |    305 |   1 |  409.0 |
          Lair |  10816 |  10025 |    791 |   3688 |   4728 |   5 | 2163.2 |
        Shoals |  11021 |  10867 |    154 |   4023 |   4512 |   4 | 2755.2 |
     Snake Pit |   8020 |   7884 |    136 |   3052 |   3299 |   4 | 2005.0 |
  Orcish Mines |   4109 |   3849 |    260 |   1926 |   1213 |   2 | 2054.5 |
   Elven Halls |   4866 |   4648 |    218 |   1214 |   2341 |   3 | 1622.0 |
        Vaults |  18360 |  17163 |   1197 |   8748 |   5633 |   5 | 3672.0 |
         Crypt |   4676 |   4474 |    202 |   1434 |   1889 |   3 | 1558.7 |
        Depths |   9721 |   8719 |   1002 |   3993 |   3519 |   4 | 2430.2 |
          Hell |    631 |    610 |     21 |    148 |    258 |   1 |  631.0 |
           Zot |   7697 |   7365 |    332 |   2689 |   3127 |   5 | 1539.4 |
      Ziggurat |   1730 |   1730 |      0 |   1331 |     41 |  10 |  173.0 |
        Bazaar |    188 |    188 |      0 |      0 |     73 |   1 |  188.0 |
         Trove |     93 |     93 |      0 |      0 |      0 |   1 |   93.0 |
         Sewer |    970 |    970 |      0 |    300 |    291 |   1 |  970.0 |
       Ossuary |    231 |    231 |      0 |     47 |     23 |   1 |  231.0 |
      Ice Cave |   1417 |   1417 |      0 |    109 |    856 |   1 | 1417.0 |
               +--------+--------+--------+--------+--------+-----+--------+

Top non-repeatable levels by time:
Vaults:4: 7350 daAuts
Shoals:3: 5063 daAuts
Depths:1: 4288 daAuts
    D:13: 3706 daAuts
Vaults:3: 3548 daAuts
Vaults:2: 3548 daAuts
Vaults:1: 2666 daAuts
  Lair:3: 2526 daAuts
  Lair:1: 2424 daAuts
  Lair:4: 2420 daAuts
 Snake:4: 2392 daAuts
Shoals:4: 2339 daAuts
   Orc:1: 2325 daAuts
     D:4: 2294 daAuts
   Zot:2: 2238 daAuts
